 Dungeon Crawl Stone Soup version 0.18.1-48-g4cf74bf (webtiles) character file.

1465 wamma the Ducker (level 8, 0/74 HPs)
             Began as a Deep Dwarf Berserker on Sept 13, 2016.
             Was an Elder of Trog.
             Succumbed to an orc warrior's poison
             ... on level 7 of the Dungeon.
             The game lasted 00:31:20 (5190 turns).

wamma the Ducker (Deep Dwarf Berserker)             Turns: 5190, Time: 00:31:21

Health: 0/74       AC:  7    Str: 23    XL:     8   Next: 48%
Magic:  7/7        EV: 13    Int:  7    God:    Trog [****..]
Gold:   245        SH:  0    Dex: 13    Spells: 0 memorised, 7 levels left

rFire  . . .     SeeInvis .     a - +1 falchion
rCold  . . .     Gourm    .     s - +0 scale mail
rNeg   . . .     Faith    .     (no shield)
rPois  .         Spirit   .     (no helmet)
rElec  .         Dismiss  .     (no cloak)
rCorr  .         Reflect  .     (no gloves)
SustAt .         Harm     .     (no boots)
MR     +++..                    (no amulet)
Stlth  +.........               (no ring)
                                (no ring)

@: lethally poisoned (0 -> -36), non-regenerating, extremely resistant to
hostile enchantments, very unstealthy
A: damage resistance, recharge devices, sense surroundings 1, slow regeneration
3
a: Device Recharging, Berserk, Trog's Hand, Brothers in Arms, Burn Spellbooks,
Renounce Religion


You were on level 7 of the Dungeon.
You worshipped Trog.
Trog was greatly pleased with you.
You were very hungry.

You visited 2 branches of the dungeon, and saw 8 of its levels.
You also visited: Sewer.

You collected 245 gold pieces.

Inventory:

Hand Weapons
 a - a +1 falchion (weapon)
 i - a +0 blowgun
 j - a +0 scimitar
 n - a +0 short sword
 r - a +2 flail of holy wrath
Missiles
 o - 42 poisoned needles
Armour
 b - a +0 animal skin
 p - a +2 robe of fire resistance
 q - a +0 leather armour
 s - a +0 scale mail (worn)
Jewellery
 u - a cursed -3 ring of slaying {unknown}
 x - an uncursed amulet of dismissal
Wands
 c - a wand of heal wounds (2/9)
 g - a wand of flame (22/48)
 B - a wand of acid (7/15)
 I - a wand of lightning (9/15)
Scrolls
 h - 3 scrolls of remove curse
 E - a scroll of amnesia {unknown}
 H - a scroll of noise {unknown}
Potions
 e - 2 potions of degeneration
 f - a potion of flight
 l - 3 potions of curing
 m - 2 potions of haste {unknown}
 z - a potion of magic {unknown}
 C - a potion of heal wounds {unknown}
 D - a potion of mutation {unknown}
 F - a potion of resistance {unknown}
 G - a potion of agility {unknown}
Books
 v - a Grand Grimoire

   Spells                             Type                      Level
   a - Monstrous Menagerie            Summoning                    7
   b - Summon Greater Demon           Summoning                    7
   c - Malign Gateway                 Summoning/Translocation      7
   d - Summon Horrible Things         Summoning                    8
   Trog disapproves of the use of such an item.
 y - a book of Minor Magic

   Spells                             Type                      Level
   a - Magic Dart                     Conjuration                  1
   b - Blink                          Translocation                2
   c - Call Imp                       Summoning                    2
   d - Repel Missiles                 Charms/Air                   2
   e - Slow                           Hexes                        2
   f - Conjure Flame                  Conjuration/Fire             3
   g - Mephitic Cloud                 Conjuration/Poison/Air       3
   Trog disapproves of the use of such an item.
Comestibles
 d - 4 bread rations
 k - a meat ration
 t - 2 slices of pizza
 w - a royal jelly
 A - 3 fruits


   Skills:
 + Level 5.3 Fighting
 + Level 5.7 Long Blades
 + Level 0.5 Throwing
 + Level 5.5 Armour
 + Level 6.5 Dodging
 + Level 3.1 Stealth
 + Level 0.6 Evocations


You had 7 spell levels left.
You didn't know any spells.

Dungeon Overview and Level Annotations

Branches:
Dungeon (7/15)             Temple (1/1) D:4

Altars:
Cheibriados
Dithmenos
Elyvilon
Fedhas
Gozag
Kikubaaqudgha
Makhleb
Nemelex Xobeh
Pakellas
Qazlal
Ru
Trog
Vehumet
Yredelemnul
Zin
The Shining One


Innate Abilities, Weirdness & Mutations

You are resistant to damage.
You can recharge devices by infusing magical energy.
You passively map a small area around you.
You do not regenerate naturally.


Message History

Press: ? - help, Shift-Dir - straight line, f - you You feel much better.
This wand has 0 charges left.
You feel sick. Something hits you but does no damage.
The orc warrior barely misses you.
You slash the orc warrior!
The orc warrior is heavily wounded.
You feel very sick. Something hits you.
The orc warrior hits you with a mace of venom.
* * * LOW HITPOINT WARNING * * *
You are more poisoned.
You feel very sick.
You hear some strange, mumbled words.
A puff of flame appears from out of thin air!
The puff of flame misses you.
The orc warrior hits you with a mace of venom!
* * * LOW HITPOINT WARNING * * *
You are more poisoned.
Charge which item? (? for menu, Esc to quit)
Your wand of heal wounds (0/9) glows for a moment and now has 2 charges.
You die...

,, , ,..# #..# . ,
######## #..# *
#.,###......###
#..#
#.##..........#*
#..#
##.............. *
##.#
#...............
#.#
##...............*
#.## *
#................
#..# *
.......@.........
#..# ,
..##...o........#*
#..# **
##..........# #..#
##.......### #..#
, ##....### #... ,
,, * #...## #... ,
, ###..## ##^.. ,
,, ##..## ##.... ,
, ##..## ##.....


You could see an orc warrior.

Vanquished Creatures
  A centaur skeleton (D:7)
  An ice beast (D:5)
  An ogre (D:5)
  A big kobold (Sewer)
  A giant frog (D:6)
  A wyvern zombie (D:7)
  A howler monkey (D:4)
  3 crimson imps (D:5)
  2 orc priests
  3 hounds
  3 worker ants
  5 orc wizards
  A hound zombie (D:5)
  A worker ant zombie (D:5)
  9 adders
  4 river rats
  3 shadow imps
  2 worms (D:3)
  5 dart slugs
  3 giant geckos
  17 orcs
  8 ball pythons
  10 giant cockroaches
  16 goblins
  5 hobgoblins
  10 jackals
  2 quokkas
  10 bats
  2 giant gecko skeletons
  A giant gecko zombie (D:5)
  3 giant newts
  12 kobolds
  13 rats
  2 plants (D:2)
162 creatures vanquished.

Notes
Turn   | Place    | Note
--------------------------------------------------------------
     0 | D:1      | wamma the Deep Dwarf Berserker began the quest for the Orb.
     0 | D:1      | Reached XP level 1. HP: 20/20 MP: 1/1
   137 | D:1      | Reached XP level 2. HP: 25/27 MP: 2/2
   464 | D:1      | Reached ** piety under Trog
   716 | D:2      | Reached XP level 3. HP: 25/34 MP: 3/3
   824 | D:2      | Found a glowing golden altar of the Shining One.
   915 | D:2      | Reached skill level 3 in Dodging
   971 | D:2      | Reached skill level 1 in Stealth
  1227 | D:2      | Reached XP level 4. HP: 23/42 MP: 4/4
  1758 | D:3      | Reached *** piety under Trog
  1798 | D:3      | Reached skill level 4 in Dodging
  1848 | D:3      | Found a blossoming altar of Fedhas.
  1992 | D:3      | Found an opulent altar of Gozag.
  2044 | D:3      | Reached XP level 5. HP: 41/49 MP: 5/5
  2068 | D:3      | Noticed a moth of wrath
  2070 | D:3      | Found a bloodstained altar of Trog.
  2612 | D:4      | Reached XP level 6. HP: 57/57 MP: 6/6
  3303 | D:4      | Found a staircase to the Ecumenical Temple.
  3321 | Temple   | Entered the Ecumenical Temple
  3506 | D:5      | Entered Level 5 of the Dungeon
  3581 | D:5      | Reached skill level 5 in Dodging
  3583 | D:5      | Reached XP level 7. HP: 45/66 MP: 7/7
  3651 | D:5      | Found an oddly glowing altar of Pakellas.
  3693 | D:5      | Found a glowing drain.
  3752 | Sewer    | Entered a sewer
  3761 | Sewer    | Reached **** piety under Trog
  4109 | D:5      | HP: 1/66 [ogre/giant club (25)]
  4117 | D:5      | Reached skill level 5 in Long Blades
  4175 | D:5      | Found a sparkling altar of Nemelex Xobeh.
  4483 | D:6      | Found a radiant altar of Vehumet.
  4546 | D:6      | Found a sacrificial altar of Ru.
  4557 | D:6      | Reached XP level 8. HP: 57/73 MP: 8/8
  4594 | D:6      | Reached skill level 6 in Dodging
  5136 | D:7      | Reached skill level 5 in Armour
  5151 | D:7      | Reached skill level 5 in Fighting
  5190 | D:7      | Succumbed to an orc warrior's poison

Skill      XL: |  1  2  3  4  5  6  7  8 |
---------------+-------------------------+-----
Fighting       | 3 4 5 |  5.3
Dodging        | 3 4 5 6 |  6.5
Stealth        | 1 2 3 |  3.1
Long Blades    | 4 5 |  5.7
Armour         | 3 4 5 |  5.5
Throwing       | |  0.5
Evocations     | |  0.6

Action                   |  1- 3 |  4- 6 |  7- 9 || total
-------------------------+-------+-------+-------++-------
Melee: Falchion          |   174 |   261 |   212 ||   647
       Blowgun           |       |     2 |       ||     2
       Scimitar          |       |    17 |       ||    17
 Fire: Blowgun           |       |     7 |       ||     7
Invok: Trog's Hand       |     1 |     7 |     3 ||    11
       Berserk           |       |     3 |     1 ||     4
 Abil: Device Recharging |       |       |     1 ||     1
Evoke: Wand              |       |     1 |     4 ||     5
  Use: Scroll            |       |     5 |     2 ||     7
       Potion            |       |     1 |     2 ||     3
 Stab: Sleeping          |     1 |     1 |       ||     2
       Paralysed         |       |       |     1 ||     1
  Eat: Chunk             |     1 |     4 |     5 ||    10
       Meat ration       |       |     1 |       ||     1
       Bread ration      |       |     1 |       ||     1
Armor: Animal skin       |    23 |    14 |       ||    37
       Scale mail        |       |   107 |    72 ||   179
       Leather armour    |       |     6 |       ||     6
Dodge: Dodged            |    99 |   220 |   172 ||   491
